[Event "FIDE Women GP Cyprus 2025"]
[Site "Nicosia"]
[Date "2025.03.18"]
[Round "4.1"]
[White "Dzagnidze, Nana"]
[Black "Paehtz, Elisabeth"]
[Result "1-0"]
[Annotator "TA"]
[ECO "A09"]
[WhiteElo "2513"]
[BlackElo "2424"]
[PlyCount "55"]
[EventDate "2025.03.10"]
[EventType "tourn"]
[EventCountry "CYP"]
[SourceTitle "playchess.com"]
[Source "ChessBase"]
[SourceQuality "1"]
[TimeControl "40/5400+30:1800+30"]

1. Nf3 d5 2. c4 d4 3. e3 c5 4. b4 dxe3 5. fxe3 cxb4 6. d4 Nd7 {[%emt 0:01:07] A09: Réti Opening: 1 Nf3 d5 2 c4.} (6... e6 $11) 7. Bd3 (7. a3 $16) 7... Ngf6 $11 8. O-O {[%emt 0:00:31][%mdl 1024] White has compensation.} Qc7 (8... e5 $1 $11) 9. Bb2 $146 (9. a3 e5 10. Nbd2 bxa3 11. Qa4 Qc6 12. Qc2 Be7 13. Ne4 Nxe4 14. Bxe4 Qc7 15. Bxh7 {1-0 Rakotomaharo,F (2448)-Ouellet,M (2290) Purtichju op 9th 2024 (5)}) 9... e6 10. Nbd2 (10. a3 $14) 10... Be7 11. Qe2 a5 12. Rac1 {[%emt 0:01:21] White sacrificed a pawn} a4 (12... O-O $11 {remains equal.}) 13. c5 (13. e4 $16) 13... Nd5 14. Nc4 (14. e4 Nf4 15. Qe3 Nxd3 16. Qxd3 O-O $17) 14... O-O 15. g3 (15. e4 Nf4 16. Qd2 Nxd3 (16... Nxc5 17. Nce5 $16) 17. Qxd3 a3 $17 (17... b6 $2 18. d5 $19)) 15... b5 (15... a3 $15 16. Ba1 b3 (16... b5 17. Ncd2 $11) 17. axb3 Nb4 (17... b5 18. Ncd2 $11)) 16. cxb6 ({White should try} 16. Ncd2 $11) 16... N7xb6 (16... Qd8 $1 $15 17. e4 N5xb6) 17. Nfe5 f5 (17... Bf6 $5) 18. e4 Nc3 $1 19. Bxc3 bxc3 20. Rxc3 Bb7 (20... Nxc4 $11 21. Bxc4 Qd6) 21. Qb2 $1 $36 {[%emt 0:02:56][%mdl 2048] White is on the roll. White is more active.} Rac8 {[%emt 0:09:20] [#]} 22. Rb1 $1 $18 {[%emt 0:07:25][%csl Oe5] Strong Square White (e5)} (22. Qxb6 $2 Qxb6 (22... fxe4 $2 23. Rxf8+ Kxf8 24. Qxe6 $18) 23. Nxb6 Rxc3 24. exf5 Rd8 25. Nxa4 Rc7 $19) (22. exf5 a3 23. Qf2 (23. Qxb6 Qxb6 24. Nxb6 Rxc3 $17) 23... Qd8 $17) 22... Bd8 23. Nxb6 {[%emt 0:03:10] Excellent horsemanship.} ({Not} 23. Qxb6 Qxb6 (23... Bxe4 $2 {loses.} 24. Qxe6+ Kh8 25. Nd6 $18) 24. Nxb6 Rxc3 25. Nxa4 Rxd3 26. Nxd3 Bxe4 $15) 23... Qxc3 24. Nxc8 Qxb2 25. Rxb2 Bxc8 {[%emt 0:00:02] [#]} 26. exf5 {[%emt 0:00:11] and Bc4 would now be decisive} Bg5 $2 (26... Bc7 27. Rb4 a3) 27. Bc4 Be3+ 28. Kg2 {[%emt 0:00:02] Weighted Error Value: White=0.17 (very precise) /Black=0.40  Mistake:       	White=4     	Black=7      Inaccurate:     	White=2     	---        OK:         	White=4     	Black=7      Best:        	White=3     	---        Strong:       	White=2     	Black=1} 1-0

[Event "FIDE Women GP Cyprus 2025"]
[Site "Nicosia"]
[Date "2025.03.18"]
[Round "4.2"]
[White "Harika, Dronavalli"]
[Black "Badelka, Olga"]
[Result "1-0"]
[Annotator "TA"]
[ECO "A20"]
[WhiteElo "2483"]
[BlackElo "2429"]
[PlyCount "53"]
[EventDate "2025.03.10"]
[EventType "tourn"]
[EventCountry "CYP"]
[SourceTitle "playchess.com"]
[Source "ChessBase"]
[SourceQuality "1"]
[TimeControl "40/5400+30:1800+30"]

1. c4 e5 2. a3 d6 3. Nc3 g6 4. h4 $146 (4. d4 Nd7 5. Nf3 Bg7 6. dxe5 dxe5 7. e4 Ngf6 8. b4 O-O 9. Bb2 c6 10. Qc2 {½-½ Ackermann,H (2299)-Markowski,T (2605) Pfalz op 2nd 2009 (2)}) 4... Nf6 5. e4 Nc6 6. d3 {[%emt 0:01:48] A20: English Opening: 1...e5.} Bg7 7. Nge2 Be6 8. Nd5 {[%emt 0:04:27] The position is equal.} Qd7 {[%emt 0:04:27] [#]} (8... a5 $11) 9. Bh6 $1 $16 {[%emt 0:06:13] White is more active.} O-O 10. Nxf6+ Bxf6 11. Bxf8 Rxf8 12. Qd2 Bg7 13. h5 f5 14. hxg6 hxg6 15. exf5 Bxf5 16. f3 a6 17. g4 (17. Qe3 $16) 17... Be6 $14 18. Qg5 e4 19. fxe4 Ne5 {[%emt 0:00:07] and ...Nf3+ should not be overlooked} 20. O-O-O Bxg4 (20... Qf7 $14) 21. d4 $18 Nxc4 {[%emt 0:01:12] [#]} (21... Bf3 $16 {was worth a try.}) 22. Nc3 $1 (22. Qxg6 Qb5 23. b4 (23. Qxg4 $2 Qxb2#) (23. Qh7+ $2 Kf7 $19) 23... Qc6 24. Qh7+ (24. Qxg4 $2 {loses.} Ne3+ 25. Kd2 Nxg4 $19) 24... Kf7 $17) 22... b5 (22... Nb6) 23. Qxg6 (23. Bxc4+ $142 bxc4 24. Rdg1) 23... Rf2 $2 (23... Bxd1 24. Bh3 (24. Kxd1 Rxf1+ 25. Rxf1 Ne3+ 26. Ke1 Nxf1 $11) (24. Nxd1 Rf6 $16) 24... Rf6 25. Qxf6 (25. Bxd7 Rxg6 26. Rxd1 Ne3 $17) 25... Bxf6 26. Bxd7 Bb3 27. Be6+ Kg7) 24. Bxc4+ {[%emt 0:03:17] White is clearly winning.} bxc4 25. Rdg1 Bf3 26. Qh7+ Kf8 27. Qh8+ {[%emt 0:02:59] Weighted Error Value: White=0.19 (very precise) /Black=0.72  Mistake:       	White=2     	Black=6      Inaccurate:     	White=1     	Black=1      OK:         	White=4     	Black=3      Best:        	White=4     	Black=2      Strong:       	White=1     	---        Brilliant:      	White=1     	---} 1-0

[Event "FIDE Women GP Cyprus 2025"]
[Site "Nicosia"]
[Date "2025.03.18"]
[Round "4.3"]
[White "Muzychuk, Mariya"]
[Black "Zhu, Jiner"]
[Result "1/2-1/2"]
[Annotator "TA"]
[ECO "A18"]
[WhiteElo "2490"]
[BlackElo "2514"]
[PlyCount "109"]
[EventDate "2025.03.10"]
[EventType "tourn"]
[EventCountry "CYP"]
[SourceTitle "playchess.com"]
[Source "ChessBase"]
[SourceQuality "1"]
[TimeControl "40/5400+30:1800+30"]

1. c4 Nf6 2. Nc3 e6 3. e4 d5 4. e5 d4 5. exf6 dxc3 6. bxc3 Qxf6 7. d4 {[%emt 0:00:11] 7.Nf3 is the modern continuation.} b6 8. Be2 {[%emt 0:00:12] A18: English Opening: Flohr-Mikenas System (1 c4 Nf6 2 Nc3 e6 3 e4).} Bb7 9. Bf3 Bxf3 10. Nxf3 Bd6 11. Qa4+ c6 $1 12. O-O O-O 13. Rb1 Qf5 14. Bg5 Qd3 15. Be3 $146 (15. Rfc1) 15... Rc8 16. c5 b5 17. Qb3 $36 {[%emt 0:02:04][%mdl 2048] White fights for an advantage.} Bc7 18. Rfd1 Qf5 19. c4 bxc4 20. Qxc4 Nd7 21. Qa6 Qd5 22. h3 h6 23. Ne1 Nf6 24. Nd3 Qe4 $1 25. Nb4 Nd5 26. Nxd5 (26. Nxc6 Nxe3 27. fxe3 Qxe3+ 28. Kh1 Qf4 $17) (26. Qxc6 $2 Bh2+ 27. Kxh2 Rxc6 28. Nxc6 Nc3 $19 (28... Nxe3 $2 29. fxe3 Qxc6 30. Kh1 $19)) 26... Qxd5 27. Rb7 f5 {[%emt 0:02:20][%csl Oa7,Oc6,Oe6] Black has weak pawns} 28. Rxa7 {[%emt 0:04:27] White is more active.} Rxa7 29. Qxa7 Bb8 30. Qa6 Rd8 31. f3 Bg3 32. Qa4 e5 33. Kf1 f4 34. Bg1 e4 35. fxe4 Qxe4 {[%emt 0:00:03] [#]} 36. Qb3+ Kh8 {[%emt 0:00:08] ( -> ...Re8)} 37. Qf3 Qc2 38. Qe2 {[%emt 0:01:16] Wards off Re8} Qa4 39. Rb1 Qa3 40. Rd1 Ra8 (40... Qa4 $11 {was preferable.}) 41. d5 (41. Bf2 $14) 41... cxd5 $11 {[%emt 0:01:37] The position is equal.} 42. Rxd5 Qa4 {[%emt 0:09:08][%cal Oa8e8] [#] White must now prevent ...Re8!.} 43. Rd4 Rb8 44. Rd1 {[%emt 0:10:53] Dodges Rb1} (44. Rxa4 $2 {is the wrong capture.} Rb1+ $19) 44... Re8 45. Qd3 Qxa2 (45... Qa5 $5 46. Bf2 $8 Bxf2 (46... Qxa2 47. Qd2 $11) 47. Kxf2 Qxc5+ 48. Kf1 Re3 $11) 46. Bd4 $1 Kg8 47. Kg1 Qd5 48. Qf3 Re4 49. Bxg7 Qxc5+ 50. Kh1 Qe3 51. Bxh6 Qxf3 52. gxf3 Re2 53. Rd4 Re1+ 54. Kg2 Re2+ 55. Kh1 {[%emt 0:00:03] Weighted Error Value: White=0.06 (flawless) /Black=0.05 (flawless)   Mistake:       	White=1     	Black=1      Inaccurate:     	White=3     	Black=2      OK:         	White=21    	Black=22     Best:        	White=2     	Black=3      Strong:       	White=1     	Black=2} 1/2-1/2

[Event "FIDE Women GP Cyprus 2025"]
[Site "Nicosia"]
[Date "2025.03.18"]
[Round "4.4"]
[White "Goryachkina, Aleksandra"]
[Black "Tsolakidou, Stavroula"]
[Result "1-0"]
[Annotator "TA"]
[ECO "B31"]
[WhiteElo "2548"]
[BlackElo "2445"]
[PlyCount "101"]
[EventDate "2025.03.10"]
[EventType "tourn"]
[EventCountry "CYP"]
[SourceTitle "playchess.com"]
[Source "ChessBase"]
[SourceQuality "1"]
[TimeControl "40/5400+30:1800+30"]

1. e4 c5 2. Nf3 Nc6 3. Bb5 g6 4. O-O Bg7 5. d3 e5 6. a3 {[%emt 0:00:48] B31: Sicilian: 2...Nc6 3 Bb5 g6.} Nge7 7. b4 d6 8. bxc5 {[%emt 0:03:34] White has an edge.} dxc5 9. Bg5 Bd7 10. a4 O-O 11. Bxc6 Bxc6 12. Bxe7 $146 (12. c4 h6 13. Be3 b6 14. Nc3 Bd7 15. a5 Bg4 16. axb6 axb6 17. Rxa8 Qxa8 18. Qb3 Bxf3 19. gxf3 {1-0 Ma,Q (2648)-Zhu,J (2507) CHN-chT DivA 2023 (5.4)}) 12... Qxe7 13. c4 f5 14. Nc3 Bh6 15. Re1 Rf7 16. Nd5 Qd6 17. Ra2 Raf8 18. a5 Bxd5 (18... Bg7 $11 {keeps the balance.}) 19. exd5 {[%emt 0:08:12][%csl Od5] White has a strong passed pawn} Re7 20. Rae2 Rfe8 21. Qb1 Qc7 22. h4 Kf8 23. Qa1 Bg7 {[%emt 0:06:09][%cal Bh6g7,Bg7f6,Bf6h4][%mdl 32] ...e4 is the strong threat.} 24. Ng5 Bf6 25. Ne6+ Rxe6 26. dxe6 Rxe6 27. Qb2 Bxh4 28. Rb1 (28. Rxe5 Bf6 29. d4 Bxe5 30. Rxe5 Rxe5 31. dxe5 Qxa5 32. Qxb7 Qa1+ 33. Kh2 Qxe5+ 34. g3 Qe7 $17) 28... Re7 29. Qa3 Qd6 $1 30. Rb5 Rc7 (30... e4 $11 31. Qxc5 (31. Rxc5 Kg7 $14) 31... Qxd3) 31. Qb2 Bf6 {[%emt 0:00:36][%cal Oe5e4] [#]} 32. Rxb7 (32. Qb3 $1 $16) 32... e4 $1 $14 33. Rb8+ Kg7 34. Qb1 exd3 35. Rd2 Bd4 (35... Rd7 $2 36. Rb7 $16) 36. Rxd3 Qe6 37. Rdb3 $36 {[%emt 0:04:10][%mdl 2048] Black is under pressure.} Qxc4 $2 {[%emt 0:00:56] This costs Black the game.} ({Better is} 37... Kf6 $1 $14) 38. R8b7 Rxb7 39. Rxb7+ $18 {[%emt 0:00:02][%mdl 4096] Endgame KQR-KQB} Kf6 {[%emt 0:00:29] [#]} 40. Qe1 {[%emt 0:05:22][%csl Gb7][%cal Re1e7] Prevents Qe2} (40. Rxa7 Qe2 41. Qf1 (41. Rxh7 $2 Qxf2+ 42. Kh1 c4 $19) 41... Bxf2+ 42. Qxf2 Qd1+ 43. Qf1 (43. Kh2 Qh5+ 44. Kg3 Qg4+ 45. Kh2 Qh5+ 46. Kg1 Qd1+ 47. Qf1 Qd4+ 48. Kh1 Qh4+ 49. Kg1 Qd4+ 50. Qf2 Qd1+ $11) 43... Qd4+ 44. Qf2 Qd1+ 45. Qf1 Qd4+ 46. Qf2 Qd1+ $11) 40... Kg5 $2 (40... Qe6 41. Qxe6+ Kxe6 42. Rxa7 Kd6 43. Rxh7 c4) 41. Rxh7 {[%emt 0:34:52] White is clearly winning.} Qc2 42. g3 (42. Rxa7 Bxf2+ 43. Qxf2 Qd1+ 44. Qf1 Qd4+ 45. Kh2 (45. Qf2 Qd1+ 46. Qf1 Qd4+ 47. Kh1 Qh4+ 48. Kg1 Qd4+ $11) 45... Qh4+ 46. Kg1 Qd4+ 47. Kh2 Qh4+ 48. Kg1 Qd4+ $11) 42... f4 43. Qe7+ ({Not} 43. Rxa7 fxg3 44. Rf7 gxf2+ (44... Bxf2+ 45. Rxf2 gxf2+ 46. Qxf2 $14) 45. Rxf2 Qd3 $14 (45... Bxf2+ 46. Qxf2 Qd1+ 47. Kg2 $14)) 43... Bf6 44. Qe6 ({And not} 44. Qxa7 Qd1+ 45. Kh2 fxg3+ 46. Kxg3 Qg1+ 47. Kh3 (47. Kf3 Qg4+ 48. Ke3 Bd4+ 49. Kd2 Qf4+ 50. Kd1 Qf3+ 51. Kc1 Qc3+ 52. Kd1 Qd3+ 53. Kc1 Qf1+ 54. Kd2 Qxf2+ 55. Kd3 c4+ 56. Kxc4 Bxa7 $19) 47... Qxf2 $11) 44... Qd1+ 45. Kg2 {[%emt 0:00:00] White threatens gxf4+ and mate.} f3+ 46. Kh2 Qe2 47. Qe3+ Qxe3 48. fxe3 a6 49. Ra7 Bc3 50. Rxa6 {[%emt 0:00:00] Strongly threatening Rc6.} Bd2 {[%emt 0:00:14] [#]} 51. Rxg6+ $3 {[%emt 0:00:00][%mdl 512] Weighted Error Value: White=0.05 (flawless) /Black=0.62  Loses game:     	---       	Black=1      Mistake:       	White=1     	Black=3      Inaccurate:     	White=2     	Black=3      OK:         	White=17    	Black=11     Best:        	White=1     	Black=4      Strong:       	---       	Black=2} 1-0

[Event "FIDE Women GP Cyprus 2025"]
[Site "Nicosia"]
[Date "2025.03.18"]
[Round "4.5"]
[White "Muzychuk, Anna"]
[Black "Divya Deshmukh"]
[Result "1-0"]
[Annotator "TA"]
[ECO "B12"]
[WhiteElo "2516"]
[BlackElo "2470"]
[PlyCount "131"]
[EventDate "2025.03.10"]
[EventType "tourn"]
[EventCountry "CYP"]
[SourceTitle "playchess.com"]
[Source "ChessBase"]
[SourceQuality "1"]
[TimeControl "40/5400+30:1800+30"]

1. e4 c6 2. d4 d5 3. e5 Bf5 4. h4 h5 5. Bd3 Bxd3 6. Qxd3 {[%emt 0:00:02][%cal Oe5e6] B12: Caro-Kann: Advance Variation.} Qa5+ {[%emt 0:00:13] is now more promising than 6...e6.} 7. Nd2 e6 8. Ngf3 {[%emt 0:00:22] The position is equal.} Qa6 9. c4 Bb4 10. O-O Ne7 11. Rd1 c5 12. Qc2 $146 (12. Qb1 Nbc6 13. cxd5 Nxd5 14. Ne4 cxd4 15. a3 Be7 16. Bg5 O-O 17. Bxe7 Ndxe7 18. b4 {1-0 Martinez Alcantara,J (2591)-Khanin,S (2550) Titled Tuesday intern op 12th Jul Late blitz 2022 (4)}) 12... cxd4 13. cxd5 d3 14. Qc4 Qxc4 15. Nxc4 {[%emt 0:00:11] A sharp opening} Nxd5 16. Rxd3 Nc6 17. Bg5 f6 18. Bd2 b5 19. Na3 Bxa3 20. Rxa3 Ke7 21. Rc1 Rhc8 22. exf6+ $1 gxf6 23. Ra6 Kd7 24. Ne1 (24. Rc5 $14) 24... Nb6 (24... Ndb4 $11 {keeps the balance.} 25. Ra3 (25. Bxb4 Nxb4 26. Rxc8 Rxc8 $16) 25... a6) 25. Nd3 $16 {[%emt 0:00:00] White is more active. White stays focused until the end.} Nc4 (25... Nb8 $16 26. Rxc8 Kxc8) 26. Be3 ({White should play} 26. Nf4 $1 $18) 26... Rc7 (26... Nb8 $16 27. Rxa7+ Rxa7 28. Bxa7 Nc6) 27. Nf4 $18 Nxb2 {[%emt 0:03:59] [#]} (27... Nxe3 $16 28. fxe3 Rac8 29. Nxh5 Nb4 30. Rxc7+ (30. Nxf6+ Ke7 $11) 30... Rxc7) 28. Nxe6 $1 Kxe6 29. Rcxc6+ {[%emt 0:00:00] White attacks} (29. Raxc6+ Rxc6 30. Rxc6+ Kf5 31. Rc5+ Kg6 32. Rxb5 Nc4 $18) 29... Rxc6 30. Rxc6+ $16 {[%emt 0:00:00][%mdl 4096] Endgame KRB-KRN} Kf5 {[%emt 0:13:13] [#]} 31. Bd4 $1 Nd3 (31... Nc4 32. Bxf6 (32. Rxf6+ Ke4 $18) 32... Re8) 32. Rxf6+ $18 (32. Bxf6 $6 Nb4 33. Rd6 Re8 $18) 32... Ke4 33. Rd6 Nb4 (33... Nf4 {is a better defense.}) 34. f3+ Kd3 35. Bc5+ ({Weaker is} 35. Bxa7+ Kc2 $18) 35... Kc4 {[%emt 0:00:00] [#]} 36. Bxb4 Kxb4 {[%emt 0:00:00] KR-KR. White is a pawn up.} 37. Ra6 Rf8 38. Rxa7 Rf4 39. Rh7 Rxh4 40. g3 Rd4 41. Rxh5 Rd1+ 42. Kf2 Rd2+ 43. Ke3 Rxa2 44. g4 Rg2 45. Rh8 Kb3 $2 (45... Kc5 46. Rc8+ Kd5) 46. Kf4 b4 47. Kg5 Kc3 (47... Kc4 $142 48. f4 b3 49. Rc8+ Kd5) 48. Rc8+ Kd3 49. Rb8 {[%emt 0:00:00][%cal Of3f4] And now f4! would win.} Kc4 50. f4 {[%emt 0:00:00][%cal Bf3f4,Bf4f5][%mdl 32] White mates.} b3 51. f5 b2 52. f6 Kd5 53. f7 Rf2 {[%emt 0:00:09] [#]} 54. Rxb2 $3 Rxf7 55. Kg6 Rf1 56. Re2 Kd6 57. g5 Rg1 58. Kf6 Rf1+ 59. Kg7 Rg1 60. g6 Kd7 61. Kf7 Rf1+ 62. Kg8 Rg1 63. g7 Rh1 64. Re4 Kd6 65. Kf7 Rf1+ 66. Kg6 {[%emt 0:00:00] Weighted Error Value: White=0.07 (flawless) /Black=0.41  Mistake:       	White=2     	Black=7      Inaccurate:     	---       	Black=2      OK:         	White=18    	Black=16     Best:        	White=7     	Black=4      Strong:       	White=1     	---} 1-0